AoeStats
← Dani_AOE2

MegaRandom

507352742Analyzed
4v4 RM · 14d ago on Sep 17, 2026· 47m 20s· 8 players
Game mode
Random Map
Map size
Large (8 player)
Population
200
Speed
Normal
Resources
Standard
Victory
Conquest
Starting age
Dark Age
Ending age
Imperial Age
RankedLock teamsTeams togetherTeam positionsShared explorationLock speedFull tech treeHidden civsTurbo modeCheats
Victory
Defeat
🇩🇪 Shu · Germany
1794
+9
🇳🇱 Tupi · Netherlands
1776
+9
🇬🇧 Khmer · United Kingdom
1748
+10
🇳🇱 Tatars · Netherlands
1623
+15
🇵🇹 Koreans · Portugal
1677
-13
🇺🇸 Teutons · United States
1659
-12
🇨🇱 Ethiopians · Chile
1608
-10
🇳🇱 Lithuanians · Netherlands
1520
-8
Silence
9:32 Loom
11:40 Feudal Age
15:31 Castle Age
14:34 Double-Bit Axe
16:55 Scale Barding Armor
19:33 Forging
20:57 Bloodlines
21:54 Horse Collar
23:15 Wheelbarrow
26:50 Chain Barding Armor
30:22 Iron Casting
32:15 Gold Mining
38:08 Heavy Plow
41:53 Stone Mining
44:54 Imperial Age
45:00 Hand Cart
45:10 Cavalier
46:28 Plate Barding Armor
46:55 Blast Furnace
46:10 Bow Saw
Dani_AOE2
7:05 Loom
9:29 Feudal Age
10:14 Double-Bit Axe
13:19 Fletching
20:13 Padded Archer Armor
23:52 Castle Age
23:54 Crossbowman
24:30 Bodkin Arrow
24:38 Horse Collar
26:07 Leather Archer Armor
27:39 Ballistics
30:05 Thumb Ring
47:36 Imperial Age
46:06 Bloodlines
45:57 Husbandry
46:17 Husbandry
47:16 Scale Barding Armor
47:52 Forging
AiM | shona
6:45 Loom
10:06 Feudal Age
10:36 Double-Bit Axe
11:12 Horse Collar
14:05 Fletching
22:25 Castle Age
21:48 Padded Archer Armor
23:07 Bodkin Arrow
22:35 Crossbowman
24:23 Ballistics
27:12 Wheelbarrow
26:55 Town Watch
29:33 Thumb Ring
34:38 Leather Archer Armor
42:44 Imperial Age
41:01 Heavy Plow
41:11 Bow Saw
43:30 Bracer
44:32 Chemistry
43:19 Arbalester
46:43 Two-Man Saw
Mr Greed
7:04 Loom
9:23 Feudal Age
9:50 Double-Bit Axe
13:03 Fletching
19:51 Wheelbarrow
24:04 Castle Age
23:49 Gold Mining
23:52 Stone Mining
24:07 Crossbowman
24:42 Bodkin Arrow
26:24 Ballistics
26:56 Thumb Ring
41:40 Imperial Age
41:49 Murder Holes
41:43 Arbalester
42:24 Bracer
43:25 Chemistry
44:17 Pikeman
44:57 Squires
45:15 Halberdier
47:52 Scale Mail Armor
Ulfaith
8:22 Loom
11:16 Feudal Age
15:06 Castle Age
13:22 Loom
14:04 Double-Bit Axe
16:10 Scale Barding Armor
22:52 Chain Barding Armor
23:23 Bow Saw
24:32 Gold Mining
25:14 Town Watch
26:25 Bloodlines
28:17 Forging
29:46 Iron Casting
31:53 Gold Shaft Mining
32:05 Stone Mining
33:43 Wheelbarrow
33:27 Husbandry
34:35 Light Cavalry
35:30 Fletching
38:49 Imperial Age
40:37 Plate Barding Armor
40:29 Hand Cart
39:38 Cavalier
41:53 Blast Furnace
40:32 Hussar
46:20 Caravan
Hans the Waller
7:25 Loom
9:42 Feudal Age
12:49 Fletching
14:03 Town Watch
16:23 Padded Archer Armor
19:56 Double-Bit Axe
23:52 Castle Age
21:42 Horse Collar
24:16 Gold Mining
24:36 Bodkin Arrow
24:07 Crossbowman
25:16 Leather Archer Armor
25:38 Bow Saw
27:25 Ballistics
29:00 Wheelbarrow
30:45 Heavy Plow
39:42 Imperial Age
39:52 Elite Blackwood Archer
40:40 Bracer
41:47 Chemistry
40:37 Capped Ram
41:43 Conscription
42:36 Curare
43:20 Siege Ram
47:03 Hand Cart
47:20 Ring Archer Armor
47:53 Two-Man Saw
47:39 Stone Mining
Bohnski
6:44 Loom
9:21 Feudal Age
9:58 Double-Bit Axe
20:53 Castle Age
18:55 Gold Mining
21:06 Scale Barding Armor
21:49 Husbandry
22:16 Chain Barding Armor
22:48 Horse Collar
40:24 Fletching
41:38 Wheelbarrow
45:15 Hand Cart
48:09 Imperial Age
46:19 Gold Shaft Mining
47:30 Bodkin Arrow
47:35 Padded Archer Armor
Ivolia
9:30 Feudal Age
9:32 Loom
10:54 Double-Bit Axe
13:53 Fletching
15:12 Town Watch
17:10 Horse Collar
19:45 Wheelbarrow
23:01 Castle Age
21:11 Padded Archer Armor
21:22 Gold Mining
23:56 Bow Saw
23:55 Bodkin Arrow
24:15 Bloodlines
24:07 Husbandry
29:02 Ballistics
33:53 Elite Skirmisher
36:51 Leather Archer Armor
43:48 Heavy Plow
45:25 Hand Cart
Connection lost

Rejoining the realm…

Still unreachable

The connection could not be restored.

Session expired

The server has moved on; the page needs a fresh start.